TOP OF THE 1ST |
Cincinnati Bearcats batting - Pitching for Clemson Tigers : RHP Adam O'Herlihy
|
Pitching: RHP Adam O'Herlihy
|
|
Batting: RHB Phil Poole
|
0-0: Ball 1-0: Ball 2-0: Ball 3-0: Base on Balls
|
Batting: RHB Bradley Burns
|
0-0: Called Strike 0-1: Fly out, F8 (Line Drive, 8LM)
|
Batting: RHB Dave Jackson
|
0-0: Fly out, F2 (Popup, 2RF)
|
Batting: RHB Dave Richards
|
0-0: Foul Ball, location: 2F 0-1: Called Strike 0-2: Ball 1-2: Ball 2-2: SINGLE (Groundball, 56D) Phil Poole to second
|
Batting: RHB Roberto Villela
|
0-0: Ball 1-0: Called Strike 1-1: Foul Ball, location: 2F 1-2: Ball 2-2: Strikes out swinging
|
Top of the 1st over - 0 run(s), 1 hit(s), 0 error(s), 2 left on base; Cincinnati 0 - Clemson 0 |
BOTTOM OF THE 1ST |
Clemson Tigers batting - Pitching for Cincinnati Bearcats : RHP Gerald Fullwood
|
Pitching: RHP Gerald Fullwood
|
|
Batting: LHB Aaron Thompson
|
0-0: Ball 1-0: Ball 2-0: Ball 3-0: Base on Balls
|
Batting: SHB Kenneth Cruz
|
0-0: Ball 1-0: Called Strike 1-1: Foul Ball, location: 2F 1-2: Ball 2-2: Grounds into double play, U6-3 (Groundball, 6)
|
Batting: LHB Wally Harris
|
0-0: Foul Ball, location: 2F 0-1: Swinging Strike 0-2: Ball 1-2: Strikes out swinging
|
Bottom of the 1st over - 0 run(s), 0 hit(s), 0 error(s), 0 left on base; Cincinnati 0 - Clemson 0 |
TOP OF THE 2ND |
Cincinnati Bearcats batting - Pitching for Clemson Tigers : RHP Adam O'Herlihy
|
Batting: RHB Cipriano Baca
|
0-0: Ball 1-0: Ball 2-0: Ball 3-0: Base on Balls
|
Batting: SHB Mathew Olson
|
0-0: Called Strike Cipriano Baca is caught stealing 2nd base 0-1: SINGLE (Flyball, 7S)
|
Batting: RHB Ed Fuhrman
|
0-0: Called Strike 0-1: Ball 1-1: Fly out, F2 (Popup, 25F)
|
Batting: RHB Henry Haines
|
0-0: Ball 1-0: Foul Ball, location: 2F 1-1: Ball 2-1: Ball 3-1: Base on Balls Mathew Olson to second
|
Batting: RHB Phil Poole
|
0-0: Foul Ball, location: 2F 0-1: Ball 1-1: Ball 2-1: Swinging Strike 2-2: Fly out, F9 (Flyball, 9M)
|
Top of the 2nd over - 0 run(s), 1 hit(s), 0 error(s), 2 left on base; Cincinnati 0 - Clemson 0 |
BOTTOM OF THE 2ND |
Clemson Tigers batting - Pitching for Cincinnati Bearcats : RHP Gerald Fullwood
|
Batting: RHB Leonard Harris
|
0-0: Ball 1-0: Ground out 5-3 (Groundball, 56)
|
Batting: LHB Peter Puckett
|
0-0: Ball 1-0: Ground out 4-3 (Groundball, 4)
|
Batting: LHB Frank Vázquez
|
0-0: Called Strike 0-1: Ball 1-1: Called Strike 1-2: Ball 2-2: Fly out, F9 (Flyball, 89M)
|
Bottom of the 2nd over - 0 run(s), 0 hit(s), 0 error(s), 0 left on base; Cincinnati 0 - Clemson 0 |
TOP OF THE 3RD |
Cincinnati Bearcats batting - Pitching for Clemson Tigers : RHP Adam O'Herlihy
|
Batting: RHB Bradley Burns
|
0-0: Called Strike 0-1: Hit by Pitch
|
Batting: RHB Dave Jackson
|
0-0: Ball 1-0: Ball 2-0: Ball 3-0: Called Strike 3-1: Fly out, F4 (Line Drive, 4D)
|
Batting: RHB Dave Richards
|
0-0: Called Strike Bradley Burns steals 2nd base 0-1: Ball 1-1: Ball 2-1: Ball 3-1: Foul Ball, location: 2F 3-2: Foul Ball, location: 2F 3-2: SINGLE (Line Drive, 6D) Bradley Burns to third Runner from 3rd tries for Home, SAFE, throw made home Dave Richards to second
|
Now in LF: Jeff Thompson
|
|
Batting: RHB Roberto Villela
|
0-0: Ball 1-0: Called Strike 1-1: Ground out 6-3 (Groundball, 6M) Dave Richards to third
|
Batting: RHB Cipriano Baca
|
0-0: Ball 1-0: SINGLE (Groundball, 56D) Dave Richards scores
|
Batting: SHB Mathew Olson
|
0-0: Called Strike 0-1: Foul Ball, location: 2F 0-2: Strikes out looking
|
Top of the 3rd over - 2 run(s), 2 hit(s), 0 error(s), 1 left on base; Cincinnati 2 - Clemson 0 |
BOTTOM OF THE 3RD |
Clemson Tigers batting - Pitching for Cincinnati Bearcats : RHP Gerald Fullwood
|
Batting: RHB James Taylor
|
0-0: Called Strike 0-1: Ball 1-1: SINGLE (Line Drive, 9S)
|
Batting: RHB Armando Vega
|
0-0: Called Strike 0-1: Called Strike 0-2: Foul Ball, location: 2F 0-2: Ball 1-2: Ball 2-2: Strikes out swinging
|
Batting: RHB Wayne Scott
|
0-0: Called Strike 0-1: SINGLE (Groundball, 6M) James Taylor to second
|
Batting: LHB Aaron Thompson
|
0-0: Fly out, F7 (Flyball, 7LMF)
|
Batting: SHB Kenneth Cruz
|
0-0: SINGLE (Line Drive, 8LS) James Taylor to third Wayne Scott to second Runner from 3rd tries for Home, SAFE, no throw or cutoff
|
Batting: LHB Wally Harris
|
0-0: Ball 1-0: Ball 2-0: Ball 3-0: Called Strike 3-1: Foul Ball, location: 2F 3-2: Foul Ball, location: 2F 3-2: Ground out 4-3 (Groundball, 4M)
|
Bottom of the 3rd over - 1 run(s), 3 hit(s), 0 error(s), 2 left on base; Cincinnati 2 - Clemson 1 |
TOP OF THE 4TH |
Cincinnati Bearcats batting - Pitching for Clemson Tigers : RHP Adam O'Herlihy
|
Batting: RHB Ed Fuhrman
|
0-0: Ball 1-0: Foul Ball, location: 2F 1-1: Ball 2-1: Foul Ball, location: 2F 2-2: Ball 3-2: Ground out 4-3 (Groundball, 6MS)
|
Batting: RHB Henry Haines
|
0-0: Foul Ball, location: 2F 0-1: Called Strike 0-2: Ball 1-2: Ground out 5-3 (Groundball, 5L)
|
Batting: RHB Phil Poole
|
0-0: Ball 1-0: Ball 2-0: Called Strike 2-1: Called Strike 2-2: Foul Ball, location: 2F 2-2: Ball 3-2: Foul Ball, location: 2F 3-2: Base on Balls
|
Batting: RHB Bradley Burns
|
0-0: Called Strike 0-1: Ball 1-1: Foul Ball, location: 2F 1-2: Ball Pickoff Throw to First - Error! E1 Phil Poole to second 2-2: Ball 3-2: Foul Ball, location: 2F 3-2: Fly out, F9 (Flyball, 89M)
|
Top of the 4th over - 0 run(s), 0 hit(s), 1 error(s), 1 left on base; Cincinnati 2 - Clemson 1 |
BOTTOM OF THE 4TH |
Clemson Tigers batting - Pitching for Cincinnati Bearcats : RHP Gerald Fullwood
|
Batting: LHB Jeff Thompson
|
0-0: Ball 1-0: Ball 2-0: Swinging Strike 2-1: Called Strike 2-2: Foul Ball, location: 2F 2-2: Foul Ball, location: 2F 2-2: Ball 3-2: Foul Ball, location: 2F 3-2: Base on Balls
|
Batting: LHB Peter Puckett
|
0-0: Foul Ball, location: 2F 0-1: Foul Ball, location: 2F 0-2: Ball 1-2: Foul Ball, location: 2F 1-2: Ball 2-2: Ball 3-2: Fly out, F5 (Popup, 5F)
|
Batting: LHB Frank Vázquez
|
0-0: Ball 1-0: Called Strike 1-1: Foul Ball, location: 2F 1-2: Grounds into double play, 4-6-3 (Groundball, 4M)
|
Bottom of the 4th over - 0 run(s), 0 hit(s), 0 error(s), 0 left on base; Cincinnati 2 - Clemson 1 |
TOP OF THE 5TH |
Cincinnati Bearcats batting - Pitching for Clemson Tigers : RHP Adam O'Herlihy
|
Pitching: LHP Kevin Webb
|
|
Batting: RHB Dave Jackson
|
0-0: Called Strike 0-1: Ball 1-1: Ball 2-1: Fly out, F4 (Popup, 8RS)
|
Batting: RHB Dave Richards
|
0-0: Ball 1-0: Ball 2-0: Called Strike 2-1: Swinging Strike 2-2: Strikes out looking
|
Batting: RHB Roberto Villela
|
0-0: Swinging Strike 0-1: Foul Ball, location: 2F 0-2: Foul Ball, location: 2F 0-2: Ground out 6-3 (Groundball, 6)
|
Top of the 5th over - 0 run(s), 0 hit(s), 0 error(s), 0 left on base; Cincinnati 2 - Clemson 1 |
BOTTOM OF THE 5TH |
Clemson Tigers batting - Pitching for Cincinnati Bearcats : RHP Gerald Fullwood
|
Batting: RHB James Taylor
|
0-0: Ball 1-0: Fly out, F9 (Flyball, 89M)
|
Batting: RHB Armando Vega
|
0-0: Called Strike 0-1: Swinging Strike 0-2: Strikes out swinging passed ball, reaches first!
|
Batting: RHB Wayne Scott
|
0-0: SINGLE (Groundball, 34) Armando Vega to second Runner from 2nd tries for 3rd, SAFE, no throw or cutoff
|
Batting: LHB Aaron Thompson
|
0-0: Ball 1-0: Ball 2-0: Called Strike 2-1: Fly out, F7 (Popup, 78S)
|
Batting: SHB Kenneth Cruz
|
0-0: Ball 1-0: Foul Ball, location: 2F 1-1: Ball 2-1: Ball 3-1: DOUBLE (Flyball, 89XD) Armando Vega scores Wayne Scott to third Runner from 3rd tries for Home, SAFE, no throw or cutoff
|
Batting: LHB Wally Harris
|
0-0: Fly out, F9 (Flyball, 9M)
|
Bottom of the 5th over - 2 run(s), 2 hit(s), 0 error(s), 1 left on base; Cincinnati 2 - Clemson 3 |
TOP OF THE 6TH |
Cincinnati Bearcats batting - Pitching for Clemson Tigers : LHP Kevin Webb
|
Batting: RHB Cipriano Baca
|
0-0: Ball 1-0: Called Strike 1-1: Ball 2-1: Ball 3-1: Ground out 6-3 (Groundball, 6)
|
Batting: SHB Mathew Olson
|
0-0: Foul Ball, location: 2F 0-1: Ball 1-1: Called Strike 1-2: Strikes out looking
|
Batting: RHB Ed Fuhrman
|
0-0: Called Strike 0-1: Foul Ball, location: 2F 0-2: Strikes out swinging
|
Top of the 6th over - 0 run(s), 0 hit(s), 0 error(s), 0 left on base; Cincinnati 2 - Clemson 3 |
BOTTOM OF THE 6TH |
Clemson Tigers batting - Pitching for Cincinnati Bearcats : RHP Gerald Fullwood
|
Batting: LHB Jeff Thompson
|
0-0: Swinging Strike 0-1: Swinging Strike 0-2: Strikes out looking
|
Pitching: RHP Wayne Foster
|
|
Batting: LHB Peter Puckett
|
0-0: Foul Ball, location: 2F 0-1: Ball 1-1: Called Strike 1-2: Foul Ball, location: 2F 1-2: SINGLE (Groundball, 4MD)
|
Batting: LHB Frank Vázquez
|
0-0: Ball 1-0: Called Strike 1-1: Ball 2-1: Swinging Strike 2-2: Ball 3-2: Base on Balls Peter Puckett to second
|
Batting: RHB James Taylor
|
0-0: Ball 1-0: SINGLE (Groundball, 4MD) Peter Puckett to third Frank Vázquez to second
|
Batting: RHB Armando Vega
|
0-0: Swinging Strike 0-1: Foul Ball, location: 2F 0-2: Foul Ball, location: 2F 0-2: Strikes out swinging
|
Batting: RHB Wayne Scott
|
0-0: Ball 1-0: Ball 2-0: Called Strike 2-1: Ball 3-1: Foul Ball, location: 2F 3-2: Fly out, F9 (Line Drive, 9S)
|
Bottom of the 6th over - 0 run(s), 2 hit(s), 0 error(s), 3 left on base; Cincinnati 2 - Clemson 3 |
TOP OF THE 7TH |
Cincinnati Bearcats batting - Pitching for Clemson Tigers : LHP Kevin Webb
|
Pitching: LHP Jorge Gatán
|
|
Batting: RHB Henry Haines
|
0-0: Ball 1-0: SINGLE (Line Drive, 4M)
|
Batting: RHB Phil Poole
|
0-0: Bunt missed! 0-1: Bunt missed! 0-2: Ball 1-2: Ball 2-2: Ball 3-2: Base on Balls Henry Haines to second
|
Batting: RHB Bradley Burns
|
0-0: Fielders Choice at 2nd, 5-4 (Groundball, 56) Henry Haines to third
|
Batting: RHB Dave Jackson
|
0-0: Called Strike 0-1: Ball 1-1: Ball 2-1: Foul Ball, location: 2F 2-2: Strikes out swinging
|
Batting: RHB Dave Richards
|
0-0: Swinging Strike 0-1: Called Strike 0-2: Ball 1-2: Ball 2-2: Strikes out swinging
|
Top of the 7th over - 0 run(s), 1 hit(s), 0 error(s), 2 left on base; Cincinnati 2 - Clemson 3 |
BOTTOM OF THE 7TH |
Clemson Tigers batting - Pitching for Cincinnati Bearcats : RHP Wayne Foster
|
Batting: LHB Aaron Thompson
|
0-0: Foul Ball, location: 2F 0-1: Ball 1-1: Ball 2-1: Foul Ball, location: 2F 2-2: Foul Ball, location: 2F 2-2: Foul Ball, location: 2F 2-2: Foul Ball, location: 2F 2-2: Strikes out swinging
|
Pitching: RHP Chad Clark
|
|
Batting: SHB Kenneth Cruz
|
0-0: Foul Ball, location: 2F 0-1: Ball 1-1: Ball 2-1: Ball 3-1: Fly out, F7 (Flyball, 7M)
|
Batting: LHB Wally Harris
|
0-0: Ball 1-0: Foul Ball, location: 2F 1-1: Foul Ball, location: 2F 1-2: Foul Ball, location: 2F 1-2: Ground out 4-3 (Groundball, 4)
|
Bottom of the 7th over - 0 run(s), 0 hit(s), 0 error(s), 0 left on base; Cincinnati 2 - Clemson 3 |
TOP OF THE 8TH |
Cincinnati Bearcats batting - Pitching for Clemson Tigers : LHP Jorge Gatán
|
Batting: RHB Roberto Villela
|
0-0: Ground out 5-3 (Groundball, 5L)
|
Batting: RHB Cipriano Baca
|
0-0: Foul Ball, location: 2F 0-1: Ball 1-1: Fly out, F7 (Flyball, 7M)
|
Batting: SHB Mathew Olson
|
0-0: SINGLE (Flyball, 7S)
|
Batting: RHB Ed Fuhrman
|
0-0: Ball 1-0: Ball 2-0: Swinging Strike 2-1: SINGLE (Line Drive, 8LS) Mathew Olson to second
|
Batting: RHB Henry Haines
|
0-0: Swinging Strike 0-1: Ball 1-1: Swinging Strike 1-2: SINGLE (Groundball, 56D) Mathew Olson to third Ed Fuhrman to second Runner from 3rd tries for Home, SAFE, no throw or cutoff
|
Batting: RHB Phil Poole
|
0-0: Ball 1-0: Ball 2-0: Swinging Strike 2-1: Swinging Strike 2-2: Ball 3-2: Foul Ball, location: 2F 3-2: Base on Balls Ed Fuhrman to third Henry Haines to second
|
Pitching: RHP Joe Kennedy
|
|
Batting: RHB Bradley Burns
|
0-0: Ball 1-0: Foul Ball, location: 2F 1-1: Foul Ball, location: 2F 1-2: Foul Ball, location: 2F 1-2: Fly out, F4 (Popup, 4)
|
Top of the 8th over - 1 run(s), 3 hit(s), 0 error(s), 3 left on base; Cincinnati 3 - Clemson 3 |
BOTTOM OF THE 8TH |
Clemson Tigers batting - Pitching for Cincinnati Bearcats : RHP Chad Clark
|
Batting: LHB Jeff Thompson
|
0-0: Ball 1-0: Ball 2-0: Ground out 6-3 (Groundball, 6)
|
Batting: LHB Peter Puckett
|
0-0: Fly out, F3 (Popup, 3F)
|
Batting: LHB Frank Vázquez
|
0-0: Ball 1-0: Ball 2-0: Foul Ball, location: 2F 2-1: Ball 3-1: Foul Ball, location: 2F 3-2: Strikes out swinging
|
Bottom of the 8th over - 0 run(s), 0 hit(s), 0 error(s), 0 left on base; Cincinnati 3 - Clemson 3 |
TOP OF THE 9TH |
Cincinnati Bearcats batting - Pitching for Clemson Tigers : RHP Joe Kennedy
|
Pitching: RHP Bob Jordan
|
|
Batting: RHB Dave Jackson
|
0-0: SINGLE (Groundball, 56)
|
Batting: RHB Dave Richards
|
0-0: Called Strike 0-1: Swinging Strike 0-2: Ball 1-2: Ball 2-2: Foul Ball, location: 2F 2-2: Ball 3-2: Fly out, F9 (Flyball, 89M)
|
Batting: RHB Roberto Villela
|
0-0: Foul Ball, location: 2F 0-1: Foul Ball, location: 2F 0-2: Strikes out looking
|
Batting: RHB Cipriano Baca
|
0-0: Ball 1-0: Ball 2-0: Fly out, F9 (Flyball, 9M)
|
Top of the 9th over - 0 run(s), 1 hit(s), 0 error(s), 1 left on base; Cincinnati 3 - Clemson 3 |
BOTTOM OF THE 9TH |
Clemson Tigers batting - Pitching for Cincinnati Bearcats : RHP Chad Clark
|
Batting: RHB James Taylor
|
0-0: Called Strike 0-1: Called Strike 0-2: Foul Ball, location: 2F 0-2: Ball 1-2: Ball 2-2: Strikes out swinging
|
Batting: RHB Armando Vega
|
0-0: Called Strike 0-1: Ball 1-1: Swinging Strike 1-2: Strikes out looking
|
Batting: RHB Wayne Scott
|
0-0: DOUBLE (Line Drive, 8LM)
|
Batting: LHB Aaron Thompson
|
0-0: Called Strike 0-1: Ball 1-1: Ball 2-1: Foul Ball, location: 2F 2-2: Strikes out looking
|
Bottom of the 9th over - 0 run(s), 1 hit(s), 0 error(s), 1 left on base; Cincinnati 3 - Clemson 3 |
TOP OF THE 10TH |
Cincinnati Bearcats batting - Pitching for Clemson Tigers : RHP Bob Jordan
|
Batting: SHB Mathew Olson
|
0-0: Ball 1-0: Called Strike 1-1: Swinging Strike 1-2: Foul Ball, location: 2F 1-2: Ball 2-2: Ball 3-2: Foul Ball, location: 2F 3-2: Strikes out swinging
|
Pinch Hitting: RHB Dave Sawyer
|
0-0: Foul Ball, location: 2F 0-1: Foul Ball, location: 2F 0-2: Ball 1-2: Strikes out swinging
|
Pinch Hitting: RHB John Matthews
|
0-0: Ball 1-0: Ball 2-0: Called Strike 2-1: Foul Ball, location: 2F 2-2: Strikes out swinging
|
Top of the 10th over - 0 run(s), 0 hit(s), 0 error(s), 0 left on base; Cincinnati 3 - Clemson 3 |
BOTTOM OF THE 10TH |
Clemson Tigers batting - Pitching for Cincinnati Bearcats : RHP Chad Clark
|
Now at C: Gary López
|
|
Now at 1B: Troy Abreu
|
|
Batting: SHB Kenneth Cruz
|
0-0: Fly out, F6 (Popup, 4MS)
|
Batting: LHB Wally Harris
|
0-0: Called Strike 0-1: Ball 1-1: Ball 2-1: SOLO HOME RUN (Line Drive, 9D), Distance : 367 ft
|
Monday, December 5th, 2016 - OOTP Baseball 17.12 Build 75
|
|